 Dungeon Crawl Stone Soup version 0.29.0-4-gdea44cf6ec (webtiles) character file.

Game seed: 7330167195785523681

18097 qw the Blocker (level 12, -1/111 HPs)
             Began as a Troll Cinder Acolyte on Aug 31, 2022.
             Was an Initiate of Ignis.
             Killed from afar by an oklob plant (14 damage)
             ... with a splash of acid
             ... on level 4 of the Lair of Beasts.
             The game lasted 00:06:00 (10689 turns).

qw the Blocker (Troll Cinder Acolyte)              Turns: 10689, Time: 00:06:01

Health: -1/111     AC: -1    Str: 33    XL:     12   Next: 24%
Magic:  13/13      EV:  8    Int:  9    God:    Ignis [......]
Gold:   526        SH: 21    Dex: 10    Spells: 13/13 levels left

rFire   + . .      SeeInvis .     - Unarmed
rCold   + . .      Faith    .   g - +0 tower shield
rNeg    . . .      Spirit   .   m - +1 robe {rC+}
rPois   +          Reflect  +   (helmet restricted)
rElec   .          Harm     .   n - +1 cloak
rCorr   .          Rampage  .   (gloves unavailable)
Will    .....                   (boots unavailable)
Stlth   +.........              f - amulet of reflection
HPRegen 1.08/turn               d - ring of poison resistance
MPRegen 0.13/turn               j - +6 ring of dexterity

@: about to teleport, corroded, unable to drink
A: large, unfitting armour, claws 3, regeneration 1, shaggy fur 1, tough skin 1,
high MP 1, sense surroundings 1, strong 1, inability to drink after injury 1
a: Renounce Religion, Rising Flame


You were on level 4 of the Lair of Beasts.
You worshipped Ignis.
Ignis was noncommittal.
You visited 2 branches of the dungeon, and saw 12 of its levels.

You collected 724 gold pieces.
You spent 198 gold pieces at shops.


Innate Abilities, Weirdness & Mutations

You are too large for most types of armour.
You have claws for hands.
Your natural rate of healing is unusually fast.
You are covered in fur. (AC +1)
You have tough skin. (AC +1)
You have an increased reservoir of magic. (+10% MP)
You passively map a small area around you.
Your muscles are strong. (Str +4, Int/Dex -1)
You occasionally lose the ability to drink potions when taking damage.


   Skills:
 - Level 5.2 Fighting
 - Level 5.1 Throwing
 - Level 2.0 Dodging
 - Level 13.0 Shields
 + Level 12.3 Unarmed Combat
 - Level 1.0 Spellcasting
 - Level 2.1 Fire Magic


You had 13 spell levels left.
You didn't know any spells.
Your spell library contained the following spells:

 Spells                   Type           Power      Damage    Failure   Level
 Scorch                   Fire           8%         2d5       58%         2

Inventory:

Missiles
 o - 8 large rocks (quivered)
 v - 7 javelins
Armour
 g - a +0 tower shield (worn)
 k - a +1 robe of willpower
 l - a +1 cloak
 m - a +1 robe of cold resistance (worn)
 n - a +1 cloak (worn)
Jewellery
 a - a +6 ring of dexterity
 d - a ring of poison resistance (left claw)
 e - a +4 ring of protection
 f - an amulet of reflection (around neck)
 j - a +6 ring of dexterity (right claw)
Scrolls
 c - a scroll of enchant weapon
 i - 5 scrolls of teleportation
 r - a scroll of identify
Potions
 b - a potion of resistance
 h - a potion of might
 p - 4 potions of heal wounds
 s - 3 potions of curing

Dungeon Overview and Level Annotations

Branches:
Dungeon (8/15)             Temple (0/1) D:4            Lair (4/5) D:8
 Shoals (0/4) Lair:2        Snake (0/4) Lair:3        Slime (0/5) Lair:4

Altars:
Cheibriados
Vehumet
Jiyva

Shops:
D:8 ?((

Annotations:
D:3 1 runed translucent door, Crazy Yiuf
D:8 1 runed translucent door


Message History

You start waiting.
You are no longer corroded.
Your fiery armour burns out.
Done waiting.
The oklob plant spits acid at you. The splash of acid hits you!!
10656 ||| FLEEEEING.
10657 ||| FLEEEEING.
You start resting.
HP restored.
Found 19 gold pieces.
The oklob plant spits acid at you. The splash of acid hits you!!
The acid corrodes you! The oklob plant spits acid at you.
The splash of acid hits you! The acid corrodes you!
The oklob plant spits acid at you. The splash of acid hits you!!
The oklob plant spits acid at you. The splash of acid hits you!!
You feel threatened and lose the ability to drink potions!
The acid corrodes you!
You scratch the oklob plant but do no damage.
You claw the oklob plant!
The oklob plant is moderately damaged.
You scratch the oklob plant but do no damage.
The oklob plant is moderately damaged.
You scratch the oklob plant but do no damage.
The oklob plant is moderately damaged.
The oklob plant spits acid at you. The splash of acid misses you.
The oklob plant spits acid at you. The splash of acid hits you!!
10688 ||| READING 6 scrolls of teleportation.
As you read the scroll of teleportation, it crumbles to dust.
You feel strangely unstable.
You mangle the oklob plant!!
The oklob plant is severely damaged.
The oklob plant spits acid at you. The splash of acid hits you!
You die...

, ** ################ ,
#.. #.#.............
##.., *##..............
##...## #P............. *
.P.$...####.............
........................
........................
.....................P#.
,
....P_P@................
, ,
....P>..................
*.P..P........#..##.P..##
,.#.......#########.#####
.........# ### ######.###
##


You could see 4 oklob plants.

Vanquished Creatures
  2 hydras
  Pikel (D:4)
  2 merfolk sirens (Lair:2)
  6 black mambas
  5 cane toads
  8 komodo dragons
  A rime drake (Lair:1)
  2 polar bears
  Grinder (D:4)
  9 blink frogs
  Sigmund (D:5)
  A wyvern (Lair:3)
  11 yaks
  A basilisk (Lair:2)
  Menkaure (D:4)
  4 nagas (Lair:3)
  Edmund (D:4)
  11 water moccasins
  An ice beast (D:8)
  An orc warrior (D:8)
  3 black bears
  7 wolves
  A centaur (D:5)
  An ogre (D:4)
  A phantom (D:7)
  A lemure (D:4)
  A kobold brigand (D:7)
  10 bullfrogs
  4 gnoll sergeants
  4 necrophages
  4 scorpions
  6 wights (D:8)
  2 howler monkeys (D:7)
  5 hounds
  3 orc priests (D:7)
  Ijyb (D:3)
  2 gnoll boudas
  2 iguanas
  6 orc wizards
  A statue (D:8)
  24 gnolls
  4 adders
  A shadow imp (D:7)
  3 white imps (D:6)
  2 worms
  2 dart slugs
  28 orcs
  6 ball pythons
  8 endoplasms
  18 giant cockroaches
  7 hobgoblins
  12 jackals
  4 quokkas
  2 bats
  7 frilled lizards
  5 goblins
  14 kobolds
  8 rats
290 creatures vanquished.

Vanquished Creatures (others)
  4 fungi
  3 plants
  4 toadstools (D:1)
11 creatures vanquished.

Grand Total: 301 creatures vanquished

Notes
Turn   | Place    | Note
-------+----------+-------------------------------------------
     0 | D:1      | qw the Troll Cinder Acolyte began the quest for the Orb.
     0 | D:1      | Reached XP level 1. HP: 22/22 MP: 1/1
     0 | D:1      | 0 ||| qw: Version: 0.1-a-97-g2dd2ca4
     0 | D:1      | 0 ||| qw: Game counter: 4613
     0 | D:1      | 0 ||| qw: Always use a shield: true
     0 | D:1      | 0 ||| qw: God list: Okawaru
     0 | D:1      | 0 ||| qw: Allow faded altars: false
     0 | D:1      | 0 ||| qw: Do Orc after D:15 true
     0 | D:1      | 0 ||| qw: Do second Lair branch before Depths: true
     0 | D:1      | 0 ||| qw: Lair rune preference: random
     0 | D:1      | 0 ||| qw: Plans: Normal
     0 | D:1      | 0 ||| PLANNING D:1-11
    91 | D:1      | 91 ||| Stepping ~*~*~tactically~*~*~ (stealth).
   188 | D:1      | Reached XP level 2. HP: 28/29 MP: 2/2
   304 | D:1      | 304 ||| Stepping ~*~*~tactically~*~*~ (stealth).
   305 | D:1      | 305 ||| Stepping ~*~*~tactically~*~*~ (stealth).
   362 | D:1      | 362 ||| Stepping ~*~*~tactically~*~*~ (stealth).
   455 | D:1      | 455 ||| Stepping ~*~*~tactically~*~*~ (hiding).
   464 | D:1      | Reached XP level 3. HP: 36/36 MP: 3/3
   589 | D:1      | 589 ||| Stepping ~*~*~tactically~*~*~ (outnumbered).
   921 | D:1      | Found a faded altar of an unknown god.
   922 | D:1      | 922 ||| UPGRADING to amulet of regeneration.
   927 | D:1      | 927 ||| READING scroll labelled SYX WEBOMULI.
  1028 | D:1      | 1028 ||| DRINKING 2 lumpy grey potions.
  1029 | D:1      | 1029 ||| DROPPING potion of magic.
  1131 | D:2      | 1131 ||| Stepping ~*~*~tactically~*~*~ (stealth).
  1172 | D:2      | 1172 ||| Stepping ~*~*~tactically~*~*~ (stealth).
  1174 | D:2      | 1174 ||| Stepping ~*~*~tactically~*~*~ (stealth).
  1176 | D:2      | 1176 ||| Stepping ~*~*~tactically~*~*~ (outnumbered).
  1220 | D:2      | 1220 ||| Stepping ~*~*~tactically~*~*~ (stealth).
  1246 | D:2      | 1246 ||| Stepping ~*~*~tactically~*~*~ (stealth).
  1249 | D:2      | 1249 ||| Stepping ~*~*~tactically~*~*~ (stealth).
  1251 | D:2      | 1251 ||| Stepping ~*~*~tactically~*~*~ (stealth).
  1301 | D:2      | Reached XP level 4. HP: 44/44 MP: 4/4
  1446 | D:2      | 1446 ||| Stepping ~*~*~tactically~*~*~ (stealth).
  1688 | D:2      | 1688 ||| DROPPING amulet of magic regeneration.
  1689 | D:2      | 1689 ||| UPGRADING to ring of poison resistance.
  1690 | D:2      | 1690 ||| UPGRADING to +6 ring of dexterity.
  1691 | D:2      | 1691 ||| READING scroll labelled JEREOLAVVO.
  1692 | D:2      | 1692 ||| DRINKING 2 green potions.
  1746 | D:3      | Noticed Ijyb
  1747 | D:3      | 1747 ||| Stepping ~*~*~tactically~*~*~ (hiding).
  1858 | D:3      | Killed Ijyb
  1859 | D:3      | Reached skill level 1 in Dodging
  2041 | D:3      | 2041 ||| Stepping ~*~*~tactically~*~*~ (stealth).
  2044 | D:3      | 2044 ||| Stepping ~*~*~tactically~*~*~ (stealth).
  2046 | D:3      | 2046 ||| Stepping ~*~*~tactically~*~*~ (stealth).
  2050 | D:3      | 2050 ||| Stepping ~*~*~tactically~*~*~ (stealth).
  2053 | D:3      | 2053 ||| Stepping ~*~*~tactically~*~*~ (stealth).
  2055 | D:3      | 2055 ||| Stepping ~*~*~tactically~*~*~ (outnumbered).
  2056 | D:3      | 2056 ||| Stepping ~*~*~tactically~*~*~ (outnumbered).
  2057 | D:3      | 2057 ||| Stepping ~*~*~tactically~*~*~ (outnumbered).
  2139 | D:3      | 2139 ||| Stepping ~*~*~tactically~*~*~ (stealth).
  2179 | D:3      | 2179 ||| Stepping ~*~*~tactically~*~*~ (stealth).
  2305 | D:3      | Reached XP level 5. HP: 50/50 MP: 5/5
  2412 | D:3      | Found a runed translucent door.
  2413 | D:3      | Noticed Crazy Yiuf
  2444 | D:3      | 2444 ||| Stepping ~*~*~tactically~*~*~ (stealth).
  2445 | D:3      | 2445 ||| Stepping ~*~*~tactically~*~*~ (stealth).
  2464 | D:3      | 2464 ||| Stepping ~*~*~tactically~*~*~ (outnumbered).
  2866 | D:3      | 2866 ||| READING scroll labelled NYIL RATINEE.
  2931 | D:3      | 2931 ||| READING scroll labelled TETUECV POUNI.
  2932 | D:3      | 2932 ||| READING scroll labelled BIFEFUBLEJ.
  2933 | D:3      | 2933 ||| READING scroll labelled YHIDIS YHU.
  2934 | D:3      | 2934 ||| READING scroll labelled ESEMEN QISTRUZ.
  2964 | D:4      | 2964 ||| STAIRDANCE
  3038 | D:4      | Noticed a lemure
  3039 | D:4      | Noticed Pikel
  3040 | D:4      | 3040 ||| Stepping ~*~*~tactically~*~*~ (stealth).
  3042 | D:4      | 3042 ||| Stepping ~*~*~tactically~*~*~ (stealth).
  3046 | D:4      | Killed a lemure
  3070 | D:4      | 3070 ||| Stepping ~*~*~tactically~*~*~ (stealth).
  3072 | D:4      | 3072 ||| Stepping ~*~*~tactically~*~*~ (stealth).
  3074 | D:4      | Paralysed by Pikel for 4 turns
  3086 | D:4      | HP: 10/50 [something (3)]
  3087 | D:4      | HP: 2/50 [something (3)]
  3088 | D:4      | Killed Pikel
  3089 | D:4      | Reached XP level 6. HP: 4/59 MP: 6/6
  3089 | D:4      | Reached XP level 7. HP: 5/66 MP: 7/7
  3157 | D:4      | Noticed Grinder
  3163 | D:4      | Killed Grinder
  3195 | D:4      | Found a staircase to the Ecumenical Temple.
  3238 | D:4      | 3238 ||| Stepping ~*~*~tactically~*~*~ (stealth).
  3247 | D:4      | Reached XP level 8. HP: 74/78 MP: 8/8
  3271 | D:4      | 3271 ||| Stepping ~*~*~tactically~*~*~ (hiding).
  3309 | D:4      | Reached skill level 9 in Unarmed Combat
  3317 | D:4      | 3317 ||| Stepping ~*~*~tactically~*~*~ (hiding).
  3328 | D:4      | 3328 ||| Stepping ~*~*~tactically~*~*~ (stealth).
  3330 | D:4      | 3330 ||| Stepping ~*~*~tactically~*~*~ (stealth).
  3339 | D:4      | 3339 ||| Stepping ~*~*~tactically~*~*~ (stealth).
  3397 | D:4      | Reached skill level 1 in Throwing
  3508 | D:4      | 3508 ||| Stepping ~*~*~tactically~*~*~ (stealth).
  3592 | D:4      | Noticed Edmund
  3599 | D:4      | 3599 ||| INVOKING Fiery Armour.
  3603 | D:4      | Killed Edmund
  3629 | D:4      | 3629 ||| Stepping ~*~*~tactically~*~*~ (stealth).
  3631 | D:4      | 3631 ||| Stepping ~*~*~tactically~*~*~ (stealth).
  3689 | D:4      | Noticed Menkaure
  3696 | D:4      | Killed Menkaure
  3697 | D:4      | Reached skill level 3 in Throwing
  3704 | D:4      | 3704 ||| Stepping ~*~*~tactically~*~*~ (hiding).
  3842 | D:4      | 3842 ||| Stepping ~*~*~tactically~*~*~ (stealth).
  3844 | D:4      | 3844 ||| Stepping ~*~*~tactically~*~*~ (stealth).
  3846 | D:4      | 3846 ||| Stepping ~*~*~tactically~*~*~ (stealth).
  4170 | D:4      | 4170 ||| READING scroll labelled OPETIR OHUMMA.
  4171 | D:4      | 4171 ||| DROPPING potion of invisibility.
  4209 | D:5      | Entered Level 5 of the Dungeon
  4272 | D:5      | Noticed Sigmund
  4277 | D:5      | Killed Sigmund
  4370 | D:5      | 4370 ||| INVOKING Fiery Armour.
  4370 | D:5      | HP: 13/78 [gnoll/+0 halberd[a gnoll sergeant] (10)]
  4371 | D:5      | 4371 ||| READING scroll of teleportation.
  4375 | D:5      | HP: 3/78 [gnoll/+0 halberd[a gnoll sergeant] (8)]
  4436 | D:5      | 4436 ||| Stepping ~*~*~tactically~*~*~ (hiding).
  4473 | D:5      | 4473 ||| Stepping ~*~*~tactically~*~*~ (outnumbered).
  4474 | D:5      | 4474 ||| Stepping ~*~*~tactically~*~*~ (hiding).
  4486 | D:5      | Reached XP level 9. HP: 51/84 MP: 9/9
  4629 | D:5      | Identified the +0 scale mail of Girops {rF+ Will+}
  4880 | D:5      | 4880 ||| UPGRADING to +1 robe of cold resistance.
  4890 | D:5      | 4890 ||| DROPPING +0 robe.
  4891 | D:5      | 4891 ||| UPGRADING to +0 cloak.
  4896 | D:5      | 4896 ||| READING scroll labelled IRCHEU UTASOHE.
  4897 | D:5      | 4897 ||| READING scroll labelled YHERURISY.
  4920 | D:5      | 4920 ||| DRINKING 2 gluggy clear potions.
  4920 | D:5      | Gained mutation: You have hidden genetic defects. [potion
                  | of mutation]
  4920 | D:5      | Gained mutation: Your muscles are strong. (Str +4, Int/Dex
                  | -1) [potion of mutation]
  4920 | D:5      | Gained mutation: Your muscles are very strong. (Str +8,
                  | Int/Dex -2) [potion of mutation]
  4921 | D:5      | 4921 ||| DRINKING 3 murky inky potions.
  4922 | D:5      | 4922 ||| DRINKING 2 sedimented cyan potions.
  4923 | D:5      | 4923 ||| DROPPING 2 potions of degeneration.
  5341 | D:6      | 5341 ||| Stepping ~*~*~tactically~*~*~ (hiding).
  5342 | D:6      | 5342 ||| Stepping ~*~*~tactically~*~*~ (hiding).
  5343 | D:6      | 5343 ||| Stepping ~*~*~tactically~*~*~ (hiding).
  5583 | D:6      | 5583 ||| Stepping ~*~*~tactically~*~*~ (hiding).
  5591 | D:6      | 5591 ||| Stepping ~*~*~tactically~*~*~ (outnumbered).
  5592 | D:6      | 5592 ||| Stepping ~*~*~tactically~*~*~ (outnumbered).
  5595 | D:6      | 5595 ||| Stepping ~*~*~tactically~*~*~ (outnumbered).
  5596 | D:6      | 5596 ||| Stepping ~*~*~tactically~*~*~ (outnumbered).
  5600 | D:6      | 5600 ||| Stepping ~*~*~tactically~*~*~ (outnumbered).
  5602 | D:6      | 5602 ||| Stepping ~*~*~tactically~*~*~ (outnumbered).
  5603 | D:6      | 5603 ||| Stepping ~*~*~tactically~*~*~ (outnumbered).
  5604 | D:6      | 5604 ||| Stepping ~*~*~tactically~*~*~ (outnumbered).
  5605 | D:6      | 5605 ||| Stepping ~*~*~tactically~*~*~ (outnumbered).
  5606 | D:6      | 5606 ||| Stepping ~*~*~tactically~*~*~ (outnumbered).
  5607 | D:6      | 5607 ||| Stepping ~*~*~tactically~*~*~ (outnumbered).
  5608 | D:6      | 5608 ||| Stepping ~*~*~tactically~*~*~ (outnumbered).
  5609 | D:6      | 5609 ||| Stepping ~*~*~tactically~*~*~ (outnumbered).
  5611 | D:6      | 5611 ||| Stepping ~*~*~tactically~*~*~ (outnumbered).
  5799 | D:6      | 5799 ||| DROPPING ring of magical power.
  5800 | D:6      | 5800 ||| READING 2 scrolls labelled DENUNG BILIA.
  5801 | D:6      | 5801 ||| DRINKING 4 coppery potions.
  5802 | D:6      | 5802 ||| DROPPING 3 potions of flight.
  5837 | D:7      | 5837 ||| INVOKING Fiery Armour.
  5945 | D:7      | Gained mutation: You are frail. (-10% HP) [hidden defects]
  5960 | D:7      | 5960 ||| DRINKING potion of mutation.
  5960 | D:7      | Lost mutation: You are frail. (-10% HP) [potion of
                  | mutation]
  5960 | D:7      | Lost mutation: Your muscles are very strong. (Str +8,
                  | Int/Dex -2) [potion of mutation]
  5960 | D:7      | Lost mutation: You have hidden genetic defects. [potion of
                  | mutation]
  5960 | D:7      | Gained mutation: You occasionally lose the ability to drink
                  | potions when taking damage. [potion of mutation]
  5960 | D:7      | Gained mutation: You passively map a small area around you.
                  | [potion of mutation]
  5960 | D:7      | Gained mutation: You have an increased reservoir of magic.
                  | (+10% MP) [potion of mutation]
  5967 | D:7      | 5967 ||| Stepping ~*~*~tactically~*~*~ (stealth).
  5973 | D:7      | 5973 ||| Stepping ~*~*~tactically~*~*~ (hiding).
  6029 | D:7      | 6029 ||| Stepping ~*~*~tactically~*~*~ (outnumbered).
  6030 | D:7      | 6030 ||| Stepping ~*~*~tactically~*~*~ (outnumbered).
  6033 | D:7      | 6033 ||| Stepping ~*~*~tactically~*~*~ (outnumbered).
  6034 | D:7      | 6034 ||| Stepping ~*~*~tactically~*~*~ (outnumbered).
  6035 | D:7      | 6035 ||| Stepping ~*~*~tactically~*~*~ (outnumbered).
  6285 | D:7      | Reached skill level 12 in Unarmed Combat
  6431 | D:7      | 6431 ||| DROPPING ring of positive energy.
  6432 | D:7      | 6432 ||| READING scroll labelled XUINUH JAXZI.
  6433 | D:7      | 6433 ||| DRINKING 2 clear potions.
  6434 | D:7      | 6434 ||| DRINKING 2 inky potions.
  6435 | D:7      | 6435 ||| DROPPING potion of attraction.
  6457 | D:8      | Found Ovysuoj's Weapon Boutique.
  6560 | D:8      | 6560 ||| Stepping ~*~*~tactically~*~*~ (stealth).
  6564 | D:8      | 6564 ||| Stepping ~*~*~tactically~*~*~ (hiding).
  6565 | D:8      | 6565 ||| Stepping ~*~*~tactically~*~*~ (hiding).
  6566 | D:8      | 6566 ||| Stepping ~*~*~tactically~*~*~ (hiding).
  6698 | D:8      | Found Vusagh's Magic Scroll Shoppe.
  6706 | D:8      | 6706 ||| Stepping ~*~*~tactically~*~*~ (outnumbered).
  6747 | D:8      | 6747 ||| BUYING scroll of enchant armour (90 gold).
  6747 | D:8      | Bought a scroll of enchant armour for 90 gold pieces
  6747 | D:8      | 6747 ||| BUYING scroll of identify (24 gold).
  6747 | D:8      | Bought a scroll of identify for 24 gold pieces
  6747 | D:8      | 6747 ||| BUYING scroll of identify (24 gold).
  6747 | D:8      | Bought a scroll of identify for 24 gold pieces
  6747 | D:8      | 6747 ||| BUYING scroll of identify (24 gold).
  6747 | D:8      | Bought a scroll of identify for 24 gold pieces
  6747 | D:8      | 6747 ||| BUYING scroll of teleportation (36 gold).
  6747 | D:8      | Bought a scroll of teleportation for 36 gold pieces
  6747 | D:8      | 6747 ||| READING scroll of enchant armour.
  6747 | D:8      | 6747 ||| ENCHANTING +0 cloak.
  6794 | D:8      | Found a staircase to the Lair.
  6802 | D:8      | 6802 ||| Stepping ~*~*~tactically~*~*~ (stealth).
  6804 | D:8      | 6804 ||| Stepping ~*~*~tactically~*~*~ (outnumbered).
  6805 | D:8      | 6805 ||| Stepping ~*~*~tactically~*~*~ (outnumbered).
  6806 | D:8      | 6806 ||| STAIRDANCE
  6808 | D:7      | 6808 ||| Stepping ~*~*~tactically~*~*~ (outnumbered).
  6809 | D:7      | 6809 ||| Stepping ~*~*~tactically~*~*~ (outnumbered).
  6810 | D:7      | 6810 ||| Stepping ~*~*~tactically~*~*~ (outnumbered).
  6811 | D:7      | 6811 ||| Stepping ~*~*~tactically~*~*~ (outnumbered).
  6812 | D:7      | 6812 ||| Stepping ~*~*~tactically~*~*~ (outnumbered).
  6813 | D:7      | 6813 ||| Stepping ~*~*~tactically~*~*~ (outnumbered).
  6814 | D:7      | 6814 ||| Stepping ~*~*~tactically~*~*~ (outnumbered).
  6815 | D:7      | 6815 ||| Stepping ~*~*~tactically~*~*~ (outnumbered).
  6816 | D:7      | 6816 ||| Stepping ~*~*~tactically~*~*~ (outnumbered).
  6817 | D:7      | 6817 ||| Stepping ~*~*~tactically~*~*~ (outnumbered).
  6818 | D:7      | 6818 ||| Stepping ~*~*~tactically~*~*~ (outnumbered).
  6819 | D:7      | 6819 ||| Stepping ~*~*~tactically~*~*~ (outnumbered).
  6820 | D:7      | 6820 ||| Stepping ~*~*~tactically~*~*~ (outnumbered).
  6821 | D:7      | 6821 ||| Stepping ~*~*~tactically~*~*~ (outnumbered).
  6822 | D:7      | 6822 ||| Stepping ~*~*~tactically~*~*~ (outnumbered).
  6823 | D:7      | 6823 ||| Stepping ~*~*~tactically~*~*~ (outnumbered).
  6851 | D:7      | 6851 ||| UPGRADING to +0 tower shield.
  6856 | D:7      | 6856 ||| DRINKING 2 purple potions.
  6857 | D:7      | 6857 ||| READING 4 scrolls of identify.
  6857 | D:7      | 6857 ||| IDENTIFYING glowing purple potion
  6858 | D:7      | 6858 ||| DROPPING potion of ambrosia.
  6859 | D:7      | 6859 ||| DROPPING potion of brilliance.
  6899 | D:8      | Found a runed translucent door.
  6899 | D:8      | Noticed a sixfirhy
  6907 | D:8      | 6907 ||| Stepping ~*~*~tactically~*~*~ (outnumbered).
  6908 | D:8      | 6908 ||| Stepping ~*~*~tactically~*~*~ (outnumbered).
  6909 | D:8      | 6909 ||| Stepping ~*~*~tactically~*~*~ (outnumbered).
  6910 | D:8      | 6910 ||| Stepping ~*~*~tactically~*~*~ (outnumbered).
  6911 | D:8      | 6911 ||| Stepping ~*~*~tactically~*~*~ (outnumbered).
  6914 | D:8      | Reached skill level 1 in Shields
  6916 | D:8      | Reached XP level 10. HP: 90/95 MP: 11/11
  6928 | D:8      | Found Dooshaup's Antique Weapon Shop.
  6985 | D:8      | 6985 ||| Stepping ~*~*~tactically~*~*~ (outnumbered).
  6986 | D:8      | 6986 ||| Stepping ~*~*~tactically~*~*~ (hiding).
  6990 | D:8      | 6990 ||| INVOKING Fiery Armour.
  6992 | D:8      | 6992 ||| Stepping ~*~*~tactically~*~*~ (outnumbered).
  6993 | D:8      | 6993 ||| Stepping ~*~*~tactically~*~*~ (outnumbered).
  6994 | D:8      | 6994 ||| Stepping ~*~*~tactically~*~*~ (hiding).
  6998 | D:8      | 6998 ||| Stepping ~*~*~tactically~*~*~ (outnumbered).
  7000 | D:8      | 7000 ||| Stepping ~*~*~tactically~*~*~ (outnumbered).
  7009 | D:8      | Reached skill level 2 in Shields
  7024 | D:8      | 7024 ||| Stepping ~*~*~tactically~*~*~ (hiding).
  7029 | D:8      | 7029 ||| Stepping ~*~*~tactically~*~*~ (outnumbered).
  7030 | D:8      | 7030 ||| Stepping ~*~*~tactically~*~*~ (outnumbered).
  7042 | D:8      | 7042 ||| Stepping ~*~*~tactically~*~*~ (outnumbered).
  7043 | D:8      | 7043 ||| Stepping ~*~*~tactically~*~*~ (outnumbered).
  7044 | D:8      | 7044 ||| Stepping ~*~*~tactically~*~*~ (outnumbered).
  7045 | D:8      | 7045 ||| Stepping ~*~*~tactically~*~*~ (outnumbered).
  7046 | D:8      | 7046 ||| Stepping ~*~*~tactically~*~*~ (outnumbered).
  7061 | D:8      | Reached skill level 3 in Shields
  7067 | D:8      | 7067 ||| FLEEEEING.
  7068 | D:8      | 7068 ||| FLEEEEING.
  7069 | D:8      | 7069 ||| FLEEEEING.
  7070 | D:8      | 7070 ||| FLEEEEING.
  7071 | D:8      | 7071 ||| FLEEEEING.
  7107 | D:8      | 7107 ||| Stepping ~*~*~tactically~*~*~ (stealth).
  7110 | D:8      | 7110 ||| Stepping ~*~*~tactically~*~*~ (hiding).
  7278 | D:8      | Found a radiant altar of Vehumet.
  7279 | D:8      | 7279 ||| INVOKING Fiery Armour.
  7287 | D:8      | Reached skill level 4 in Shields
  7573 | D:8      | 7573 ||| DROPPING amulet of guardian spirit.
  7574 | D:8      | 7574 ||| PLANNING LAIR
  7574 | D:8      | 7574 ||| READING 3 scrolls of identify.
  7574 | D:8      | 7574 ||| IDENTIFYING fuming green potion
  7610 | Lair:1   | Entered Level 1 of the Lair of Beasts
  7610 | Lair:1   | Noticed a cane toad
  7613 | Lair:1   | 7613 ||| Stepping ~*~*~tactically~*~*~ (outnumbered).
  7614 | Lair:1   | 7614 ||| Stepping ~*~*~tactically~*~*~ (outnumbered).
  7616 | Lair:1   | 7616 ||| Stepping ~*~*~tactically~*~*~ (outnumbered).
  7623 | Lair:1   | Killed a cane toad
  7624 | Lair:1   | Reached skill level 5 in Shields
  7625 | Lair:1   | 7625 ||| INVOKING Fiery Armour.
  7709 | Lair:1   | Reached skill level 6 in Shields
  7774 | Lair:1   | Noticed a black mamba
  7776 | Lair:1   | Killed a black mamba
  7777 | Lair:1   | Reached skill level 7 in Shields
  7793 | Lair:1   | Found a snail-covered altar of Cheibriados.
  7817 | Lair:1   | Noticed a six-headed hydra
  7818 | Lair:1   | 7818 ||| INVOKING Fiery Armour.
  7820 | Lair:1   | Noticed a cane toad
  7824 | Lair:1   | Killed an eight-headed hydra
  7825 | Lair:1   | Reached skill level 8 in Shields
  7827 | Lair:1   | Killed a cane toad
  7828 | Lair:1   | Reached XP level 11. HP: 76/104 MP: 12/12
  7956 | Lair:1   | Reached skill level 9 in Shields
  8323 | Lair:1   | 8323 ||| READING scroll labelled BEREVERREG.
  8324 | Lair:1   | 8324 ||| READING scroll labelled DAP OMOTIE.
  8388 | Lair:2   | Found a staircase to the Shoals.
  8425 | Lair:2   | Reached skill level 10 in Shields
  8584 | Lair:2   | 8584 ||| INVOKING Fiery Armour.
  8586 | Lair:2   | 8586 ||| Stepping ~*~*~tactically~*~*~ (stealth).
  8591 | Lair:2   | 8591 ||| Stepping ~*~*~tactically~*~*~ (outnumbered).
  8596 | Lair:2   | 8596 ||| Stepping ~*~*~tactically~*~*~ (outnumbered).
  8777 | Lair:2   | Reached skill level 11 in Shields
  8807 | Lair:2   | 8807 ||| Stepping ~*~*~tactically~*~*~ (stealth).
  9090 | Lair:2   | 9090 ||| Stepping ~*~*~tactically~*~*~ (stealth).
  9092 | Lair:2   | 9092 ||| Stepping ~*~*~tactically~*~*~ (stealth).
  9132 | Lair:2   | 9132 ||| UPGRADING to amulet of reflection.
  9142 | Lair:2   | 9142 ||| DROPPING amulet of regeneration.
  9163 | Lair:3   | Found a staircase to the Snake Pit.
  9164 | Lair:3   | 9164 ||| Stepping ~*~*~tactically~*~*~ (outnumbered).
  9165 | Lair:3   | 9165 ||| Stepping ~*~*~tactically~*~*~ (outnumbered).
  9181 | Lair:3   | 9181 ||| INVOKING Fiery Armour.
  9192 | Lair:3   | 9192 ||| FLEEEEING.
  9193 | Lair:3   | 9193 ||| FLEEEEING.
  9194 | Lair:3   | 9194 ||| FLEEEEING.
  9195 | Lair:3   | 9195 ||| FLEEEEING.
  9196 | Lair:3   | 9196 ||| FLEEEEING.
  9197 | Lair:3   | 9197 ||| FLEEEEING.
  9198 | Lair:3   | 9198 ||| FLEEEEING.
  9199 | Lair:3   | 9199 ||| STAIRDANCE
  9296 | Lair:3   | Reached skill level 12 in Shields
  9317 | Lair:3   | 9317 ||| Stepping ~*~*~tactically~*~*~ (stealth).
  9319 | Lair:3   | 9319 ||| Stepping ~*~*~tactically~*~*~ (stealth).
  9470 | Lair:3   | 9470 ||| Stepping ~*~*~tactically~*~*~ (stealth).
  9473 | Lair:3   | 9473 ||| Stepping ~*~*~tactically~*~*~ (stealth).
  9687 | Lair:3   | 9687 ||| Stepping ~*~*~tactically~*~*~ (outnumbered).
  9688 | Lair:3   | 9688 ||| Stepping ~*~*~tactically~*~*~ (outnumbered).
  9689 | Lair:3   | 9689 ||| Stepping ~*~*~tactically~*~*~ (outnumbered).
  9690 | Lair:3   | 9690 ||| Stepping ~*~*~tactically~*~*~ (outnumbered).
  9699 | Lair:3   | Reached XP level 12. HP: 101/111 MP: 13/13
  9721 | Lair:3   | 9721 ||| Stepping ~*~*~tactically~*~*~ (stealth).
  9722 | Lair:3   | 9722 ||| Stepping ~*~*~tactically~*~*~ (stealth).
  9783 | Lair:3   | 9783 ||| Stepping ~*~*~tactically~*~*~ (stealth).
  9785 | Lair:3   | 9785 ||| Stepping ~*~*~tactically~*~*~ (stealth).
  9788 | Lair:3   | 9788 ||| Stepping ~*~*~tactically~*~*~ (stealth).
  9789 | Lair:3   | 9789 ||| Stepping ~*~*~tactically~*~*~ (stealth).
  9790 | Lair:3   | 9790 ||| INVOKING Fiery Armour.
 10040 | Lair:3   | 10040 ||| READING 2 scrolls of identify.
 10040 | Lair:3   | 10040 ||| IDENTIFYING sapphire potion
 10041 | Lair:3   | 10041 ||| DROPPING potion of lignification.
 10064 | Lair:4   | Reached skill level 13 in Shields
 10219 | Lair:4   | Noticed a six-headed hydra
 10220 | Lair:4   | 10220 ||| INVOKING Fiery Armour.
 10226 | Lair:4   | Killed an eight-headed hydra
 10308 | Lair:4   | 10308 ||| FLEEEEING.
 10334 | Lair:4   | 10334 ||| INVOKING Fiery Armour.
 10335 | Lair:4   | Found a viscous altar of Jiyva.
 10335 | Lair:4   | Found a staircase to the Slime Pits.
 10337 | Lair:4   | 10337 ||| FLEEEEING.
 10338 | Lair:4   | 10338 ||| FLEEEEING.
 10339 | Lair:4   | 10339 ||| FLEEEEING.
 10396 | Lair:4   | 10396 ||| Stepping ~*~*~tactically~*~*~ (outnumbered).
 10402 | Lair:4   | 10402 ||| Stepping ~*~*~tactically~*~*~ (outnumbered).
 10404 | Lair:4   | 10404 ||| Stepping ~*~*~tactically~*~*~ (outnumbered).
 10406 | Lair:4   | 10406 ||| Stepping ~*~*~tactically~*~*~ (outnumbered).
 10408 | Lair:4   | 10408 ||| FLEEEEING.
 10409 | Lair:4   | 10409 ||| FLEEEEING.
 10410 | Lair:4   | 10410 ||| FLEEEEING.
 10530 | Lair:4   | 10530 ||| INVOKING Fiery Armour.
 10533 | Lair:4   | 10533 ||| FLEEEEING.
 10534 | Lair:4   | 10534 ||| FLEEEEING.
 10535 | Lair:4   | 10535 ||| FLEEEEING.
 10656 | Lair:4   | 10656 ||| FLEEEEING.
 10657 | Lair:4   | 10657 ||| FLEEEEING.
 10687 | Lair:4   | HP: 11/111 [oklob plant/splash of acid (24)]
 10688 | Lair:4   | 10688 ||| READING 6 scrolls of teleportation.
 10689 | Lair:4   | Killed from afar by an oklob plant

Levels and vault maps discovered:
D:1:      ldierk_walled_garden_2, layout_basic,
          shapermc_ecumenical_altar_mp_urbaneastern, minmay_indecisive_spiral
D:2:      minmay_inner_zag, layout_basic
D:3:      minmay_roachtagon, layout_basic, uniq_crazy_yiuf_cottage, uniq_ijyb
D:4:      layout_loops_corners, minmay_temple_entry_statues_pillars,
          kennysheep_windowed_goal, uniq_grinder, uniq_pikel, uniq_menkaure,
          uniq_edmund
D:5:      layout_loops_ring, uniq_sigmund
D:6:      layout_basic
D:7:      layout_cave_pools, bh_walls_and_bars
D:8:      cheibrodos_shockbox, layout_cave_pools, vehumet_statue,
          lair_entry_dummy, serial_gnoll_camp, gnoll_camp_mini_shop,
          gnoll_camp_mini_hut, gnoll_camp_huts_basic, gnoll_camp_mini_shop,
          gnoll_camp_mini_doghouse, gnoll_camp_mini_hut, serial_shops,
          nicolae_shop_statue_plus, chequers_serial_rivers_large_a
Lair:1:   layout_roguey, basic_altar
Lair:2:   layout_roguey, elwin_shoals_entry_rooms
Lair:3:   layout_cellular_growth, minmay_snake_entry_guardpost_small
Lair:4:   kb_forest_paths, layout_long_grid, minmay_slime_entry_oklob_open,
          patterned_corridor

Skill      XL: |  1  2  3  4  5  6  7  8  9 10 11 12 |
---------------+-------------------------------------+-----
Unarmed Combat | 4 5 8 10 12 | 12.3
Dodging        | 1 2 |  2.0
Fighting       | 4 5 |  5.2
Throwing       | 3 4 5 |  5.1
Shields        | 1 8 12 13 | 13.0
Spellcasting   | |  1.0
Fire Magic     | |  2.1

Action                   |  1- 3 |  4- 6 |  7- 9 | 10-12 || total
-------------------------+-------+-------+-------+-------++-------
Melee: Unarmed           |   124 |   129 |   228 |   289 ||   770
       Punch             |       |     3 |     7 |       ||    10
Throw: Large rock        |       |       |    39 |    64 ||   103
       Javelin           |       |       |     6 |    18 ||    24
Invok: Fiery Armour      |       |       |     3 |    10 ||    13
  Use: Scroll            |     1 |     6 |     8 |     5 ||    20
       Potion            |     1 |     1 |     8 |       ||    10
 Stab: Sleeping          |       |       |       |     2 ||     2
Armor: Robe              |    31 |    40 |    51 |    71 ||   193
Dodge: Dodged            |    34 |    48 |    93 |    61 ||   236
Block: Tower shield      |       |       |     4 |   208 ||   212
       Reflection        |       |       |       |     6 ||     6

Table legend:
 A = Non-vault XP
 B = Vault XP
 C = Vault XP percentage of total XP
 D = Non-vault monster count
 E = Vault monster count
 F = Vault count percentage of total count
                 A         B        C        D         E       F
            +---------+---------+-------+---------+---------+-------
      Total |   21916 |    3937 |  15.2 |     227 |      62 |  21.5
            +---------+---------+-------+---------+---------+-------
        D:1 |      48 |       9 |  15.8 |      23 |       4 |  14.8
        D:2 |      37 |      16 |  30.2 |      21 |       7 |  25.0
        D:3 |      96 |      62 |  39.2 |      21 |      12 |  36.4
        D:4 |     755 |    1278 |  62.9 |      30 |       5 |  14.3
        D:5 |     471 |     223 |  32.1 |       9 |       1 |  10.0
        D:6 |     483 |       0 |   0.0 |      17 |       0 |   0.0
        D:7 |    1339 |       0 |   0.0 |      21 |       0 |   0.0
        D:8 |    1259 |     727 |  36.6 |      19 |      27 |  58.7
     Lair:1 |    6453 |       0 |   0.0 |      19 |       0 |   0.0
     Lair:2 |    4402 |     955 |  17.8 |      22 |       2 |   8.3
     Lair:3 |    4096 |     667 |  14.0 |      19 |       4 |  17.4
     Lair:4 |    2477 |       0 |   0.0 |       6 |       0 |   0.0
            +---------+---------+-------+---------+---------+-------
